 Dungeon Crawl Stone Soup version 0.29.1-12-g30fa7ad0bf (webtiles) character file.

Game seed: 10623292967885820871

422 wormed the Chopper (level 6, 0/56 HPs)
             Began as a Hill Orc Fighter on Dec 21, 2022.
             Slain by an orc warrior
             ... wielding a +0 dire flail
              (16 damage)
             ... on level 4 of the Dungeon.
             The game lasted 00:06:20 (3137 turns).

wormed the Chopper (Hill Orc Fighter)               Turns: 3137, Time: 00:06:21

Health: 0/56       AC: 10    Str: 21    XL:     6   Next: 95%
Magic:  6/6        EV:  9    Int:  8    God:
Gold:   213        SH:  5    Dex: 16    Spells: 5/5 levels left

rFire   . . .      SeeInvis .   a - +0 war axe
rCold   . . .      Faith    .   c - +0 buckler
rNeg    . . .      Spirit   .   b - +0 scale mail
rPois   .          Reflect  .   m - +0 helmet
rElec   .          Harm     .   (no cloak)
rCorr   .          Rampage  .   u - +0 pair of gloves
Will    .....                   n - +0 pair of boots
Stlth   ..........              i - amulet of regeneration
HPRegen 0.98/turn               j - +6 ring of dexterity
MPRegen 0.10/turn               (no ring)

@: no status effects
A: no striking features
a: no special abilities


You were on level 4 of the Dungeon.
You visited 1 branch of the dungeon, and saw 4 of its levels.

You collected 213 gold pieces.

Inventory:

Hand Weapons
 a - a +0 war axe (weapon)
Missiles
 o - 6 javelins (quivered)
Armour
 b - a +0 scale mail (worn)
 c - a +0 buckler (worn)
 m - a +0 helmet (worn)
 n - a +0 pair of boots (worn)
 u - a +0 pair of gloves (worn)
Jewellery
 h - an amulet of the acrobat
 i - an amulet of regeneration (around neck)
 j - a +6 ring of dexterity (left hand)
Wands
 s - a wand of mindburst (14)
Scrolls
 f - 2 scrolls of enchant armour {unknown}
 g - a scroll of poison {unknown}
 k - 3 scrolls of teleportation {unknown}
 l - 3 scrolls of fog {unknown}
 v - a scroll of magic mapping {unknown}
 w - a scroll of silence {unknown}
 x - a scroll of torment {unknown}
Potions
 d - a potion of might
 e - 2 potions of haste
 p - 3 potions of lignification
 q - 2 potions of curing
 r - 2 potions of attraction
 t - 3 potions of heal wounds {unknown}
 z - a potion of ambrosia {unknown}
 A - a potion of brilliance {unknown}
 B - a potion of magic {unknown}


   Skills:
 + Level 5.2 Fighting
 * Level 6.2 Axes
 + Level 4.8 Armour
 + Level 4.7 Shields


You had 5 spell levels left.
You didn't know any spells.
Your spell library contained the following spells:

 Spells                   Type           Power      Damage    Failure   Level
 Necrotise                Necr           0%         1d4       82%         1
 Blink                    Tloc           0%         N/A       91%         2
 Gell's Gravitas          Tloc           0%         N/A       99%         3
 Lesser Beckoning         Tloc           0%         N/A       99%         3
 Teleport Other           Tloc           0%         N/A       99%         3
 Vampiric Draining        Necr           0%         2d6       99%         3
 Animate Dead             Necr           0%         N/A       100%        4
 Agony                    Necr           0%         N/A       100%        5
 Fireball                 Conj/Fire      0%         3d3       100%        5
 Iskenderun's Battlesphe  Conj           0%         2d6       100%        5
 Manifold Assault         Tloc           0%         N/A       100%        5
 Conjure Ball Lightning   Conj/Air       0%         3x3d6     100%        6
 Dispersal                Tloc           0%         N/A       100%        6
 Haunt                    Necr/Summ      0%         N/A       100%        7
 Orb of Destruction       Conj           0%         9d5       100%        7
 Infestation              Necr           0%         N/A       100%        8


Dungeon Overview and Level Annotations

Branches:
Dungeon (4/15)
 Temple: D:4-7

Altars:
Dithmenos

Annotations:
D:4 2 transporters


Message History

You block the orc wizard's attack. The orc wizard barely misses you.
You slash the orc wizard!
The orc wizard is almost dead.
The orc wizard hits you with a +0 dagger.
You miss the orc wizard.
The orc wizard is almost dead.
You slash the orc warrior!
The orc warrior is moderately wounded.
You miss the orc wizard.
The orc wizard points at you and mumbles some strange words.
The magic dart hits you. The orc warrior barely misses you.
You closely miss the orc warrior.
The orc warrior is moderately wounded.
You barely miss the orc wizard. You block the orc wizard's attack.
The orc warrior hits you with a +0 dire flail!
The orc wizard gestures wildly while chanting.
The orc wizard flickers and vanishes!
Deactivating autopickup; reactivate with Ctrl-A.
The orc warrior barely misses you.
You hit the orc warrior.
The orc warrior is moderately wounded.
You slash something!
Reactivating autopickup.
You feel a bit more experienced.
The orc warrior hits you with a +0 dire flail.
You closely miss the orc warrior.
The orc warrior is moderately wounded.
The orc warrior closely misses you.
You barely miss the orc warrior.
The orc warrior is moderately wounded.
The orc warrior hits you with a +0 dire flail!
You slash the orc warrior!
The orc warrior is severely wounded.
You block the orc warrior's attack.
The orc warrior hits you with a +0 dire flail!!
* * * LOW HITPOINT WARNING * * *
You barely miss the orc warrior.
The orc warrior is severely wounded.
The orc warrior hits you with a +0 dire flail!
You die...

##.# .8.
#..###........... #o(
..8#..# ###.........
..#.#.#..## ##...#####
.o$o......## #...#####
###..#....## #..<.#.##
###.#.....# #......#.
####.###..#....########.
###.....##o##....# #.
.........@)......# #.
###..###.##.....## #.
##..#..# #..### #. #..##
### #. ##..##### #.
#......## #. ##...<..##
#.......## #.
#........## #.


You could see an orc warrior.

Vanquished Creatures
  A phantom (D:3)
  A necrophage (D:4)
  A hound (D:4)
  An orc priest (D:4)
  Ijyb (D:3)
  An iguana (D:3)
  An orc wizard (D:4)
  7 adders
  An ufetubus (D:3)
  2 worms
  3 dart slugs
  3 orcs
  4 ball pythons
  9 bats
  12 endoplasms
  2 giant cockroaches
  4 goblins
  6 hobgoblins
  9 kobolds
  3 quokkas
  3 frilled lizards (D:1)
  A rat (D:1)
76 creatures vanquished.

Notes
Turn   | Place    | Note
-------+----------+-------------------------------------------
     0 | D:1      | wormed the Hill Orc Fighter began the quest for the Orb.
     0 | D:1      | Reached XP level 1. HP: 19/19 MP: 1/1
    28 | D:1      | Reached skill level 3 in Axes
    36 | D:1      | Reached XP level 2. HP: 27/27 MP: 2/2
   320 | D:1      | Found a faded altar of an unknown god.
   503 | D:1      | Reached XP level 3. HP: 32/33 MP: 3/3
  1339 | D:2      | Reached skill level 4 in Axes
  1343 | D:2      | Reached XP level 4. HP: 40/40 MP: 4/4
  1729 | D:3      | Noticed Ijyb
  1749 | D:3      | Killed Ijyb
  1855 | D:3      | Reached XP level 5. HP: 46/47 MP: 5/5
  2599 | D:4      | Noticed an orc warrior
  2703 | D:4      | Noticed a phantom
  2734 | D:3      | Reached skill level 5 in Axes
  2790 | D:3      | Killed a phantom
  2791 | D:3      | Reached XP level 6. HP: 55/55 MP: 6/6
  2805 | D:4      | Reached skill level 5 in Fighting
  2854 | D:4      | Found a shadowy altar of Dithmenos.
  3008 | D:4      | Found a transporter.
  3010 | D:4      | Noticed a kobold demonologist
  3023 | D:4      | Found a transporter.
  3056 | D:4      | Reached skill level 6 in Axes
  3137 | D:4      | Slain by an orc warrior

Illustrated notes

Levels and vault maps discovered:
D:1:      sevenhm_arrival_forest_fort_large_4, layout_loops_ring, serial_glass,
          glass_columns_a, glass_columns_c, ebering_ecumenical_altar_mist,
          chequers_serial_rivers_micro_b, minmay_misc_feat_alley,
          corner_web_ring
D:2:      layout_loops_corners
D:3:      layout_basic, uniq_ijyb
D:4:      gammafunk_wand_slinger, layout_layer_cave,
          nicolae_dithmenos_shadow_blocks, grunt_ministairs_9,
          guppyfry_early_orc_mine

Skill      XL: |  1  2  3  4  5  6 |
---------------+-------------------+-----
Axes           | 3 4 5 6 |  6.2
Fighting       | 4 5 |  5.2
Armour         | 4 |  4.8
Shields        | 4 |  4.7

Action                   |  1- 3 |  4- 6 || total
-------------------------+-------+-------++-------
Melee: War axe           |    65 |   197 ||   262
  Use: Scroll            |       |     4 ||     4
       Potion            |       |     1 ||     1
Armor: Scale mail        |    38 |    95 ||   133
Dodge: Dodged            |    26 |    95 ||   121
Block: Buckler           |    13 |    43 ||    56
